 Dungeon Crawl Stone Soup version 0.21.1-1-g345015f (webtiles) character file.

134 inmateoo the Firebug (level 4, -9/24 HPs)
             Began as a Deep Elf Fire Elementalist on Feb 19, 2018.
             Mangled by an ice beast (14 damage)
             ... on level 3 of the Dungeon.
             The game lasted 00:03:46 (2380 turns).

inmateoo the Firebug (Deep Elf Fire Elementalist)   Turns: 2380, Time: 00:03:46

Health: -9/24      AC:  2    Str:  5    XL:     4   Next: 95%
Magic:  6/12       EV: 13    Int: 21    God:
Gold:   71         SH:  0    Dex: 15    Spells: 1/11 levels left

rFire    . . .     SeeInvis .   o - +1 dagger (protect)
rCold    . . .     Gourm    .   (no shield)
rNeg     . . .     Faith    .   a - +0 robe
rPois    .         Spirit   .   (no helmet)
rElec    .         Reflect  .   (no cloak)
rCorr    .         Harm     .   (no gloves)
MR       .....                  (no boots)
Stlth    ++........             (no amulet)
HPRegen  0.08/turn              (no ring)
MPRegen  0.13/turn              (no ring)

@: no status effects
A: no striking features
a: no special abilities


You were on level 3 of the Dungeon.
You were not hungry.

You visited 1 branch of the dungeon, and saw 3 of its levels.

You collected 71 gold pieces.

Inventory:

Hand Weapons
 l - a +1 mace of crushing
 o - a +1 dagger of protection (weapon)
Armour
 a - a +0 robe (worn)
Scrolls
 d - a scroll of immolation {unknown}
 e - a scroll of teleportation {unknown}
 g - 2 scrolls of remove curse {unknown}
 h - 2 scrolls of identify {unknown}
Potions
 f - 2 potions of ambrosia {unknown}
 i - a potion of lignification {unknown}
 k - a potion of curing {unknown}
 m - a potion of cancellation {unknown}
 n - a potion of heal wounds {unknown}
 p - a potion of haste {unknown}
Books
 b - a book of Flames

   Spells                             Type                      Level
   a - Flame Tongue                   Conjuration/Fire             1
   b - Throw Flame                    Conjuration/Fire             2
   c - Conjure Flame                  Conjuration/Fire             3
   d - Inner Flame                    Hexes/Fire                   3
   e - Sticky Flame                   Conjuration/Fire             4
   f - Fireball                       Conjuration/Fire             5
Comestibles
 c - 5 rations
 j - 3 chunks of flesh


   Skills:
 * Level 0.6 Fighting
 + Level 0.2 Maces & Flails
 + Level 2.8 Dodging
 + Level 3.0 Stealth
 + Level 4.4 Spellcasting
 + Level 1.8 Conjurations
 * Level 4.6 Fire Magic


You had one spell level left.
You knew the following spells:

 Your Spells              Type           Power        Failure   Level  Hunger
a - Flame Tongue          Conj/Fire      ###..        3%          1    None
b - Throw Flame           Conj/Fire      ###...       4%          2    #......
c - Conjure Flame         Conj/Fire      ###.....     9%          3    ##.....
d - Sticky Flame          Conj/Fire      ###.....     30%         4    ####...


Dungeon Overview and Level Annotations

Branches:
Dungeon (3/15)

Altars:
Cheibriados
Dithmenos
Fedhas
Hepliaklqana
Kikubaaqudgha
Qazlal
Wu Jian
Yredelemnul


Message History

The ice beast hits you. The ice beast freezes you!
Ouch! That really hurt!
Casting: Flame Tongue
Confirm with . or Enter, or press ? or * to list all spells.
Aiming: Flame Tongue
Press: ? - help, Shift-Dir - straight line, f/p - ice beast
Aim: an ice beast (heavily wounded)
The flame tongue hits the ice beast.
The ice beast appears unharmed.
The ice beast is heavily wounded.
The ice beast hits you but does no damage.
Casting: Flame Tongue
Confirm with . or Enter, or press ? or * to list all spells.
Aiming: Flame Tongue
Press: ? - help, Shift-Dir - straight line, f/p - ice beast
Aim: an ice beast (heavily wounded)
The flame tongue misses the ice beast.
The ice beast hits you.
* * * LOW HITPOINT WARNING * * *
The ice beast freezes you!
Ouch! That really hurt!
You die...

#. #.#.###.#####
#<.... # ...#..
#.# ####.#
#..##### #.#
#..... ##. #.#
## ##.### # #.#
...## #..
#.##### .....
#.#
#.....#####.#.##
#.#
#####.##.......#
#.# #@##....(.K#
#.# #Y##[$..K...
#.# #...Y.......
#.# ####.....!..
#.# #........
#.# #........
#.# ...#.[...
#.# ##.####.#
#.# ### .# # #.#


You could see an ice beast.

Vanquished Creatures
  An orc wizard (D:3)
  4 adders
  2 worms (D:3)
  3 dart slugs
  A leopard gecko (D:2)
  6 orcs (D:3)
  5 bats
  4 giant cockroaches
  6 goblins
  6 hobgoblins (D:3)
  8 kobolds
  A quokka (D:2)
  A ball python (D:3)
  2 frilled lizards (D:2)
  6 rats
56 creatures vanquished.

Notes
Turn   | Place    | Note
-------+----------+-------------------------------------------
     0 | D:1      | inmateoo the Deep Elf Fire Elementalist began the quest for the Orb.
     0 | D:1      | Reached XP level 1. HP: 10/10 MP: 6/6
   201 | D:1      | Reached XP level 2. HP: 15/15 MP: 2/8
   205 | D:1      | Learned a level 2 spell: Throw Flame
   653 | D:2      | Found a basalt altar of Yredelemnul.
   823 | D:2      | Reached XP level 3. HP: 19/19 MP: 4/9
  1433 | D:2      | Found a blossoming altar of Fedhas.
  1460 | D:2      | Found an ornate altar of the Wu Jian Council.
  1462 | D:2      | Found a shadowy altar of Dithmenos.
  1464 | D:2      | Found an ancient bone altar of Kikubaaqudgha.
  1464 | D:2      | Found a snail-covered altar of Cheibriados.
  1465 | D:2      | Found a hazy altar of Hepliaklqana.
  1787 | D:3      | Reached XP level 4. HP: 9/24 MP: 8/11
  1803 | D:3      | Learned a level 3 spell: Conjure Flame
  1808 | D:3      | Learned a level 4 spell: Sticky Flame
  2027 | D:3      | Found a stormy altar of Qazlal.
  2367 | D:3      | Noticed an ice beast
  2380 | D:3      | Mangled by an ice beast

Skill      XL: |  1  2  3  4 |
---------------+-------------+-----
Fire Magic     | 4 |  4.6
Spellcasting   | 4 |  4.4
Stealth        | 3 |  3.0
Fighting       | |  0.6
Maces & Flails | |  0.2
Dodging        | |  2.8
Conjurations   | |  1.8

Action                   |  1- 3 |  4- 6 || total
-------------------------+-------+-------++-------
Melee: Dagger            |    10 |    15 ||    25
       Whip              |     4 |       ||     4
       Mace              |     2 |       ||     2
 Cast: Flame Tongue      |    69 |    38 ||   107
 Stab: Sleeping          |     1 |       ||     1
  Eat: Chunk             |     3 |     1 ||     4
Armor: Robe              |     4 |     4 ||     8
Dodge: Dodged            |    34 |    26 ||    60
